 Dungeon Crawl Stone Soup version 0.31-a0-1008-g5b978dac0e (webtiles) character file.

Game seed: 5989614584801394779

3614 Queen the Geomancer (level 10, -5/50 HPs)
             Began as a Gargoyle Earth Elementalist on Nov 13, 2023.
             Slain by an orc warrior
             ... wielding a +0 glaive
              (10 damage)
             ... in a bailey.
             The game lasted 00:22:13 (9923 turns).

Queen the Geomancer (Gargoyle Earth Elementalist)   Turns: 9923, Time: 00:22:13

Health: -5/50      AC: 12    Str: 15    XL:     10   Next: 11%
Magic:  5/19       EV: 14    Int: 20    God:
Gold:   388        SH:  0    Dex: 16    Spells: 7/21 levels left

rFire   + . .        a - +4 whip
rCold   . . .        (no shield)
rNeg    + . .        l - +0 robe
rPois   ∞            w - +1 helmet
rElec   +            (no cloak)
rCorr   .            h - +0 pair of gloves {Str+3}
SInv    .            (no boots)
Will    .....        (no amulet)
Stlth   ++++         t - +6 ring of dexterity
HPRegen 0.28/turn    u - ring of protection from fire
MPRegen 0.16/turn

%: no passive effects
@: very slightly contaminated
A: sickness immunity, AC +7, negative energy resistance 1, electricity
resistance, torment resistance 1, petrification resistance
a: no special abilities


You were in a bailey.
You visited 1 branch of the dungeon, and saw 8 of its levels.
You also visited: Bailey.

You collected 508 gold pieces.
You spent 120 gold pieces at shops.

Inventory:

Hand Weapons
 a - a +4 whip (weapon)
Armour
 h - a +0 pair of gloves of strength (worn)
 l - a +0 robe (worn)
 w - a +1 helmet (worn)
 C - a +2 leather armour of cold resistance
Jewellery
 t - a +6 ring of dexterity (left hand)
 u - a ring of protection from fire (right hand)
 y - an amulet of regeneration
 z - an amulet of the acrobat
Wands
 B - a wand of quicksilver (5)
 D - a wand of flame (17)
Scrolls
 e - 2 scrolls of fog {unknown}
 f - a scroll of fear {unknown}
 i - 2 scrolls of torment
 j - a scroll of amnesia {unknown}
 k - a scroll of brand weapon {unknown}
 m - a scroll of summoning {unknown}
 p - a scroll of revelation {unknown}
 q - a scroll of noise {unknown}
 r - 2 scrolls of immolation {unknown}
 s - a scroll of vulnerability {unknown}
 v - a scroll of teleportation {unknown}
 E - a scroll of enchant armour {unknown}
Potions
 b - 2 potions of magic
 c - 3 potions of brilliance
 d - 4 potions of ambrosia
 g - a potion of mutation
 n - 5 potions of curing
 o - a potion of haste {unknown}
 x - 3 potions of heal wounds
 A - 4 potions of attraction {unknown}
 F - a potion of degeneration {unknown}


   Skills:
 + Level 5.3 Dodging
 + Level 7.7 Stealth
 + Level 6.0 Spellcasting
 - Level 3.0 Conjurations
 + Level 5.1 Transmutations
 + Level 8.2 Earth Magic


You had 7 spell levels left.
You knew the following spells:

 Your Spells              Type           Power      Damage    Failure   Level
a - Sandblast             Erth           78%        2d17      1%          1
b - Stone Arrow           Conj/Erth      56%        3d10      3%          3
c - Petrify               Tmut/Erth      32%        N/A       7%          4
d - Brom's Barrelling Bo  Conj/Erth      28%        2d5       11%         4
p - Passwall              Tmut/Erth      26%        N/A       1%          2

Your spell library contained the following spells:

 Spells                   Type           Power      Damage    Failure   Level
 Wereblood                Tmut           26%        N/A       1%          2
 Poisonous Vapours        Pois/Air       12%        N/A       16%         2
 Mephitic Cloud           Conj/Pois/Air  10%        N/A       21%         3
 Irradiate                Conj/Tmut      11%        3d15      50%         5
 Iskenderun's Battlesphe  Conj           18%        2d7       63%         5
 Passage of Golubria      Tloc           6%         N/A       71%         4
 Fireball                 Conj/Fire      6%         3d5       83%         5
 Freezing Cloud           Conj/Ice/Air   5%         6-21      88%         5
 Silence                  Hex/Air        3%         N/A       96%         5
 Conjure Ball Lightning   Conj/Air       6%         3x3d6     100%        6
 Orb of Destruction       Conj           9%         9d6       100%        7
 Lehudib's Crystal Spear  Conj/Erth      14%        10d5      100%        8


Dungeon Overview and Level Annotations

Branches:
Dungeon (8/15)             Temple (0/1) D:5            Lair (0/5) D:8
 Bailey (1/1)

Altars:
Ru

Shops:
D:2 *   D:5 !

Annotations:
D:2 1 runed translucent door, Crazy Yiuf


Innate Abilities, Weirdness & Mutations

You are immune to sickness and miasma.
Your stone body is resilient. (AC +7)
You are immune to poison.
You resist negative energy. (rN+)
You are resistant to electric shocks. (rElec)
You are resistant to unholy torment.
You are immune to petrification.


Message History

The stone arrow misses the orc warrior.
The orc warrior hits you from afar with a +0 glaive.
Casting: Stone Arrow (dangerous; 3% risk of failure)
Confirm with . or Enter, or press ? or * to list all spells.
Aiming: Stone Arrow (dangerous; 3% risk of failure)
Press: ? - help, Shift-Dir - straight line, f/p - orc warrior
Aim: an orc warrior, wielding a +0 glaive and wearing a +0 scale mail (almost dead, 64% to hit)
You miscast Stone Arrow.
You are very lightly contaminated with residual magic.
Nothing appears to happen.
The orc warrior hits you from afar with a +0 glaive!
Casting: Stone Arrow (dangerous; 3% risk of failure)
Confirm with . or Enter, or press ? or * to list all spells.
Aiming: Stone Arrow (dangerous; 3% risk of failure)
Press: ? - help, Shift-Dir - straight line, f/p - orc warrior
Aim: an orc warrior, wielding a +0 glaive and wearing a +0 scale mail (almost dead, 64% to hit)
The stone arrow hits the orc warrior but does no damage.
The orc warrior is almost dead.
The orc warrior completely misses you.
Casting: Stone Arrow (dangerous; 3% risk of failure)
Confirm with . or Enter, or press ? or * to list all spells.
Aiming: Sandblast (safe; 1% risk of failure)
Press: ? - help, Shift-Dir - straight line, f/p - orc warrior
Aim: an orc warrior, wielding a +0 glaive and wearing a +0 scale mail (almost dead, 80% to hit)
The blast of sand misses the orc warrior.
The orc warrior hits you from afar with a +0 glaive!
* * * LOW HITPOINT WARNING * * *
The orc warrior attacks as it pursues you!
The orc warrior hits you from afar with a +0 glaive.
* * * LOW HITPOINT WARNING * * *
There is an open door here.
Casting: Sandblast (safe; 1% risk of failure)
Confirm with . or Enter, or press ? or * to list all spells.
Aiming: Sandblast (safe; 1% risk of failure)
Press: ? - help, Shift-Dir - straight line, f/p - orc warrior
Aim: an orc warrior, wielding a +0 glaive and wearing a +0 scale mail (almost dead, 80% to hit)
The blast of sand hits the orc warrior.
The orc warrior is almost dead.
The orc warrior hits you from afar with a +0 glaive!
You die...

##+++##
##.....##
#.....))#
#....)..#
#..#.#..#
#..#8#..#
#....o..#
##.....##
###@###
#...#
#...#
#...#
#...#
###'###
##.....##
#....)..#
#.......#


You could see an orc warrior.

Vanquished Creatures
  Grinder (D:3)
  Eustachio (D:6)
  A steam dragon (D:6)
  Edmund (D:6)
  An ice beast (D:7)
  A black bear (D:5)
  2 ogres (D:6)
  A centaur (D:7)
  3 phantoms
  2 kobold brigands
  6 bullfrogs
  6 scorpions
  5 wights (D:8)
  A water moccasin zombie (D:4)
  7 killer bees
  A centaur zombie (D:4)
  An orc priest (D:3)
  2 gnoll boudas
  4 hounds
  3 iguanas
  2 scorpion zombies (D:4)
  Natasha (thrice) (D:2)
  3 orc wizards
  2 hound zombies (D:4)
  A hound skeleton (D:4)
  Robin (D:2)
  10 gnolls
  7 adders
  2 shadow imps
  3 white imps
  An adder skeleton (D:4)
  3 adder zombies (D:4)
  A worm (D:2)
  A dart slug (D:4)
  22 orcs
  6 ball pythons
  5 bats
  5 endoplasms
  A giant cockroach (D:2)
  8 hobgoblins
  5 jackals
  15 kobolds
  4 quokkas
  2 frilled lizards
  17 goblins
180 creatures vanquished.

Notes
Turn   | Place    | Note
-------+----------+-------------------------------------------
     0 | D:1      | Queen the Gargoyle Earth Elementalist began the quest for
                  | the Orb.
     0 | D:1      | Reached XP level 1. HP: 10/10 MP: 3/3
   181 | D:1      | Reached skill level 1 in Transmutations
   181 | D:1      | Reached XP level 2. HP: 15/15 MP: 3/5
   262 | D:1      | Learned a level 2 spell: Passwall
   279 | D:1      | You fall into a shaft and drop 1 floor!
   487 | D:2      | Reached XP level 3. HP: 19/19 MP: 4/6
   511 | D:2      | Noticed Robin
   603 | D:2      | Reached skill level 4 in Earth Magic
   632 | D:2      | Learned a level 3 spell: Stone Arrow
   756 | D:2      | Found a faded altar of an unknown god.
   918 | D:2      | Found Xufihag's General Store.
  1056 | D:2      | Noticed Natasha
  1063 | D:2      | Killed Natasha
  1064 | D:2      | Reached XP level 4. HP: 19/24 MP: 1/7
  1137 | D:2      | Found a runed translucent door.
  1138 | D:2      | Noticed Crazy Yiuf
  1412 | D:2      | Found a faded altar of an unknown god.
  1474 | D:2      | Noticed Natasha
  1479 | D:2      | Killed Natasha
  1502 | D:2      | Killed Robin
  1589 | D:2      | Noticed Natasha
  1593 | D:2      | Killed Natasha
  1594 | D:2      | Reached XP level 5. HP: 28/28 MP: 6/9
  1720 | D:2      | Found Xufihag's General Store.
  2180 | D:2      | Found a faded altar of an unknown god.
  2358 | D:2      | Found Xufihag's General Store.
  2967 | D:3      | Reached XP level 6. HP: 32/32 MP: 6/10
  3009 | D:3      | Noticed Grinder
  3075 | D:3      | Paralysed by Grinder for 3 turns
  3081 | D:3      | Paralysed by Grinder for 2 turns
  3094 | D:3      | Killed Grinder
  3095 | D:3      | Reached skill level 5 in Earth Magic
  3181 | D:3      | Reached XP level 7. HP: 36/36 MP: 8/12
  3978 | D:4      | Learned a level 4 spell: Petrify
  4423 | D:4      | Reached skill level 1 in Conjurations
  4428 | D:4      | Reached skill level 5 in Stealth
  4428 | D:4      | Reached XP level 8. HP: 35/41 MP: 3/14
  4722 | D:4      | Reached skill level 6 in Earth Magic
  5253 | D:5      | Entered Level 5 of the Dungeon
  5269 | D:5      | Found Xannupn's Distillery.
  5278 | D:5      | Bought a potion of curing for 45 gold pieces
  5676 | D:5      | Learned a level 4 spell: Brom's Barrelling Boulder
  5729 | D:5      | Found a staircase to the Ecumenical Temple.
  5940 | D:5      | Bought a potion of heal wounds for 75 gold pieces
  6231 | D:5      | Found a staircase to the Ecumenical Temple.
  6499 | D:6      | Reached XP level 9. HP: 34/45 MP: 4/16
  6733 | D:6      | Noticed Edmund
  6738 | D:6      | Killed Edmund
  6739 | D:6      | Reached skill level 5 in Spellcasting
  6739 | D:6      | Reached skill level 7 in Earth Magic
  6812 | D:6      | Noticed Eustachio
  6834 | D:6      | Killed Eustachio
  7087 | D:6      | Found a sacrificial altar of Ru.
  7901 | D:6      | Found a sacrificial altar of Ru.
  8363 | D:7      | Reached skill level 5 in Dodging
  9503 | D:8      | Found a staircase to the Lair.
  9541 | D:8      | Reached skill level 8 in Earth Magic
  9546 | D:8      | Reached skill level 5 in Transmutations
  9546 | D:8      | Reached XP level 10. HP: 44/50 MP: 10/18
  9723 | D:8      | Noticed a two-headed ogre
  9745 | D:8      | Found a flagged portal.
  9763 | Bailey   | Entered a bailey
  9923 | Bailey   | Slain by an orc warrior

Illustrated notes

Levels and vault maps discovered:
D:1:      nzn_arrival_crosshair, layout_loops_ring, minmay_small_reverse_x
D:2:      layout_loops_ring, hellmonk_ecumenical_altar_dog_temple, serial_shops,
          shop, uniq_natasha, uniq_crazy_yiuf_cottage, uniq_robin
D:3:      layout_rooms, serial_rivers, chequers_serial_rivers_small_b,
          chequers_serial_rivers_small_a, chequers_serial_rivers_micro_d,
          chequers_serial_rivers_small_3, chequers_serial_rivers_micro_c,
          uniq_grinder
D:4:      kennysheep_spiral_hall, layout_basic, serial_undead, serial_undead_e,
          serial_undead_d, serial_undead_f, serial_undead_a, serial_undead_d,
          serial_undead_e, serial_undead_c, serial_undead_f,
          minmay_misc_feat_room
D:5:      nicolae_cairo_tiling, layout_gridville, minmay_shop_grid_forest
D:6:      layout_basic, kennysheep_mini, chequers_serial_rivers_small_3,
          uniq_edmund, uniq_eustachio
D:7:      layout_basic, minmay_misc_feat_diagonals
D:8:      layout_gridville, dpeg_oklobed_lair, enter_bailey_5, serial_shops,
          nicolae_shop_bloodbath_and_beyond
Bailey:   bailey_polearm_5, bailey

Skill      XL: |  1  2  3  4  5  6  7  8  9 10 |
---------------+-------------------------------+-----
Transmutations | 1 2 3 5 |  5.1
Earth Magic    | 4 5 6 8 |  8.2
Dodging        | 2 3 4 5 |  5.3
Stealth        | 3 4 5 6 7 |  7.7
Spellcasting   | 3 4 5 6 |  6.0
Conjurations   | 1 3 |  3.0

Action                     |  1- 3 |  4- 6 |  7- 9 | 10-12 || total
---------------------------+-------+-------+-------+-------++-------
  Melee: Unarmed           |     6 |       |       |       ||     6
         Dagger            |    20 |    20 |       |       ||    40
         Whip              |       |       |     4 |     1 ||     5
   Cast: Sandblast         |    38 |    51 |   225 |    37 ||   351
         Stone Arrow       |       |       |     7 |     2 ||     9
    Use: Scroll            |       |       |     4 |       ||     4
   Stab: Sleeping          |       |     1 |     1 |       ||     2
 Armour: Robe              |    22 |    25 |   101 |    35 ||   183
  Dodge: Dodged            |    27 |    27 |   102 |    51 ||   207

Table legend: (Time is in decaauts)
 A = Elapsed time spent in this place.
 B = Non-inter-level travel time spent in this place.
 C = Inter-level travel time spent in this place.
 D = Time resting spent in this place.
 E = Time spent auto-exploring this place.
 F = Levels seen in this place.
 G = Mean time per level.
                   A        B        C        D        E       F      G
               +--------+--------+--------+--------+--------+-----+--------+
         Total |  10119 |   9751 |    368 |   1389 |   6876 |   9 | 1124.3 |
       Dungeon |   9949 |   9581 |    368 |   1300 |   6858 |   8 | 1243.6 |
        Bailey |    169 |    169 |      0 |     89 |     18 |   1 |  169.0 |
               +--------+--------+--------+--------+--------+-----+--------+

Top non-repeatable levels by time:
     D:2: 2617 daAuts
     D:6: 1623 daAuts
     D:7: 1427 daAuts
     D:4: 1358 daAuts
     D:5: 1165 daAuts
     D:3: 1098 daAuts
     D:8: 374 daAuts
     D:1: 283 daAuts
  Bailey: 169 daAuts
